TOP OF THE 1ST |
Wisconsin Timber Rattlers batting - Pitching for Dayton Dragons : RHP Gil Villanueva
|
Pitching: RHP Gil Villanueva
|
|
Batting: RHB Chris Maul
|
0-0: Ball 1-0: Foul Ball, location: 2F 1-1: Ball 2-1: SINGLE (Line Drive, 7S, EV 105.0 MPH)
|
Batting: SHB Aaron Neill
|
0-0: Ball Chris Maul steals 2nd base (no throw) 1-0: SINGLE (Groundball, 6M, EV 95.0 MPH) (infield hit) Chris Maul to third
|
Batting: SHB Justin Hensley
|
0-0: Ball 1-0: Foul Ball, location: 2F 1-1: Ball 2-1: Fly out, F7 (Flyball, 7D, EV 90.6 MPH) Runner from 3rd tags up, SCORES, no throw by LF
|
Batting: LHB Tyler Francis
|
0-0: Called Strike 0-1: Ball 1-1: Ball 2-1: 2-RUN HOME RUN (Flyball, 9D, EV 100.0 MPH), Distance : 379 ft
|
Batting: LHB Karel Hort
|
0-0: Called Strike 0-1: Ball 1-1: Ball 2-1: Called Strike 2-2: Fly out, F9 (Line Drive, 9, EV 104.4 MPH)
|
Batting: LHB Jason Raker
|
0-0: Ball 1-0: SINGLE (Groundball, 6M, EV 85.6 MPH) (infield hit)
|
Batting: RHB Jose Cerritos
|
0-0: Ball 1-0: Called Strike 1-1: Foul Ball, location: 2F 1-2: Ball 2-2: Foul Ball, location: 2F 2-2: Ball 3-2: SINGLE (Groundball, 6D, EV 95.6 MPH) Jason Raker to second Jason Raker to third
|
Batting: LHB Greg Reedy
|
0-0: Ball 1-0: Foul Ball, location: 2F 1-1: Foul Ball, location: 2F 1-2: Ball 2-2: Strikes out swinging
|
Top of the 1st over - 3 runs, 5 hits, 0 errors, 2 left on base; Wisconsin 3 - Dayton 0 |
BOTTOM OF THE 1ST |
Dayton Dragons batting - Pitching for Wisconsin Timber Rattlers : LHP Taek-hyun Kim
|
Pitching: LHP Taek-hyun Kim
|
|
Batting: RHB Juan Zamora
|
0-0: Fly out, F9 (Flyball, 9D, EV 107.5 MPH)
|
Batting: LHB Leo Gomez
|
0-0: Ball 1-0: Ball 2-0: Called Strike 2-1: Ball 3-1: Ground out 4-3 (Groundball, 4S, EV 61.2 MPH)
|
Batting: RHB Mark Williams
|
0-0: Called Strike 0-1: Ground out 3-1 (Groundball, 34S, EV 75.6 MPH)
|
Bottom of the 1st over - 0 runs, 0 hits, 0 errors, 0 left on base; Wisconsin 3 - Dayton 0 |
TOP OF THE 2ND |
Wisconsin Timber Rattlers batting - Pitching for Dayton Dragons : RHP Gil Villanueva
|
Batting: SHB Robert Sayer
|
0-0: Called Strike 0-1: Called Strike 0-2: Strikes out swinging
|
Batting: RHB Chris Maul
|
0-0: Swinging Strike 0-1: Fly out, F8 (Flyball, 8LD, EV 104.4 MPH)
|
Batting: SHB Aaron Neill
|
0-0: Called Strike 0-1: Ball 1-1: Ball 2-1: Foul Ball, location: 2F 2-2: Strikes out swinging
|
Top of the 2nd over - 0 runs, 0 hits, 0 errors, 0 left on base; Wisconsin 3 - Dayton 0 |
BOTTOM OF THE 2ND |
Dayton Dragons batting - Pitching for Wisconsin Timber Rattlers : LHP Taek-hyun Kim
|
Batting: RHB Chris Zamora
|
0-0: Ball 1-0: Called Strike 1-1: Ball 2-1: Ground out 4-3 (Groundball, 4, EV 85.0 MPH)
|
Batting: RHB Ernie Maldonado
|
0-0: Ball 1-0: Foul Ball, location: 2F 1-1: Called Strike 1-2: Strikes out swinging
|
Batting: LHB Matt Kennedy
|
0-0: Ball 1-0: Ball 2-0: Fly out, F8 (Flyball, 8RD, EV 94.4 MPH)
|
Bottom of the 2nd over - 0 runs, 0 hits, 0 errors, 0 left on base; Wisconsin 3 - Dayton 0 |
TOP OF THE 3RD |
Wisconsin Timber Rattlers batting - Pitching for Dayton Dragons : RHP Gil Villanueva
|
Batting: SHB Justin Hensley
|
0-0: Ball 1-0: Foul Ball, location: 2F 1-1: Ball 2-1: Called Strike 2-2: Ball 3-2: SINGLE (Groundball, 4MS, EV 96.2 MPH)
|
Batting: LHB Tyler Francis
|
0-0: SINGLE (Flyball, 56D, EV 85.0 MPH) Justin Hensley to second
|
Batting: LHB Karel Hort
|
0-0: Ball 1-0: Foul Ball, location: 2F 1-1: Ball 2-1: Fly out, F9 (Line Drive, 9D, EV 87.5 MPH)
|
Batting: LHB Jason Raker
|
0-0: Ball 1-0: Foul Ball, location: 2F 1-1: Foul Ball, location: 2F 1-2: Ball 2-2: Foul Ball, location: 2F 2-2: Ball 3-2: Base on Balls Justin Hensley to third Tyler Francis to second
|
Batting: RHB Jose Cerritos
|
0-0: Ball 1-0: Ball 2-0: Foul Ball, location: 2F 2-1: Called Strike 2-2: Foul Ball, location: 2F 2-2: Strikes out swinging
|
Batting: LHB Greg Reedy
|
0-0: SINGLE (Groundball, 23, EV 76.2 MPH) (infield hit) Justin Hensley scores Tyler Francis to third Jason Raker to second
|
Batting: SHB Robert Sayer
|
0-0: Swinging Strike 0-1: Ball 1-1: Ball 2-1: Foul Ball, location: 2F 2-2: Ball 3-2: Ground out 4-3 (Groundball, 34D, EV 101.2 MPH)
|
Top of the 3rd over - 1 run, 3 hits, 0 errors, 3 left on base; Wisconsin 4 - Dayton 0 |
BOTTOM OF THE 3RD |
Dayton Dragons batting - Pitching for Wisconsin Timber Rattlers : LHP Taek-hyun Kim
|
Batting: RHB Travis Petrick
|
0-0: Ball 1-0: Called Strike 1-1: Ball 2-1: Foul Ball, location: 2F 2-2: Foul Ball, location: 2F 2-2: Foul Ball, location: 2F 2-2: Ground out 3-1 (Groundball, 34, EV 80.0 MPH)
|
Batting: RHB Yutaka Sato
|
0-0: Called Strike 0-1: Ball 1-1: Ground out 6-3 (Groundball, 56, EV 106.2 MPH)
|
Batting: LHB Gabe Morales
|
0-0: Foul Ball, location: 2F 0-1: Ball 1-1: Ground out 6-3 (Groundball, 6M, EV 86.2 MPH)
|
Bottom of the 3rd over - 0 runs, 0 hits, 0 errors, 0 left on base; Wisconsin 4 - Dayton 0 |
TOP OF THE 4TH |
Wisconsin Timber Rattlers batting - Pitching for Dayton Dragons : RHP Gil Villanueva
|
Batting: RHB Chris Maul
|
0-0: Swinging Strike 0-1: Called Strike 0-2: Ball 1-2: DOUBLE (Line Drive, 3D, EV 103.1 MPH)
|
Batting: SHB Aaron Neill
|
0-0: Called Strike 0-1: Ball 1-1: Foul Ball, location: 2F 1-2: Ground out 3-1 (Groundball, 34, EV 86.9 MPH) Chris Maul to third
|
Batting: SHB Justin Hensley
|
0-0: Ball 1-0: Swinging Strike 1-1: Ball 2-1: Ball 3-1: Foul Ball, location: 2F 3-2: SINGLE (Groundball, 34S, EV 69.4 MPH) (infield hit)
|
Batting: LHB Tyler Francis
|
0-0: Ball 1-0: Called Strike 1-1: Ball Justin Hensley is caught stealing 2nd base 2-6 2-1: Ball 3-1: Ground out 4-3 (Groundball, 4S, EV 67.5 MPH)
|
Top of the 4th over - 0 runs, 2 hits, 0 errors, 1 left on base; Wisconsin 4 - Dayton 0 |
BOTTOM OF THE 4TH |
Dayton Dragons batting - Pitching for Wisconsin Timber Rattlers : LHP Taek-hyun Kim
|
Batting: RHB Juan Zamora
|
0-0: Called Strike 0-1: Ball 1-1: SINGLE (Groundball, 34S, EV 62.5 MPH) (infield hit)
|
Batting: LHB Leo Gomez
|
0-0: Ball 1-0: Called Strike 1-1: Ball 2-1: Ball 3-1: Base on Balls Juan Zamora to second
|
Batting: RHB Mark Williams
|
0-0: Fielders Choice at 2nd, 3-6 (Groundball, 34, EV 86.2 MPH) Juan Zamora to third
|
Batting: RHB Chris Zamora
|
0-0: Called Strike 0-1: Fielders Choice at 2nd, 6-4 (Groundball, 6, EV 83.8 MPH) Juan Zamora scores
|
Batting: RHB Ernie Maldonado
|
0-0: Ball 1-0: Ball 2-0: Foul Ball, location: 2F 2-1: Foul Ball, location: 2F 2-2: Ground out 4-3 (Groundball, 4S, EV 86.2 MPH)
|
Bottom of the 4th over - 1 run, 1 hit, 0 errors, 1 left on base; Wisconsin 4 - Dayton 1 |
TOP OF THE 5TH |
Wisconsin Timber Rattlers batting - Pitching for Dayton Dragons : RHP Gil Villanueva
|
Batting: LHB Karel Hort
|
0-0: Ball 1-0: Ground out 3-1 (Groundball, 34S, EV 90.0 MPH)
|
Batting: LHB Jason Raker
|
0-0: Ground out 5-3 (Groundball, 56, EV 81.9 MPH)
|
Batting: RHB Jose Cerritos
|
0-0: Swinging Strike 0-1: Fly out, F8 (Flyball, 8LM, EV 98.1 MPH)
|
Top of the 5th over - 0 runs, 0 hits, 0 errors, 0 left on base; Wisconsin 4 - Dayton 1 |
BOTTOM OF THE 5TH |
Dayton Dragons batting - Pitching for Wisconsin Timber Rattlers : LHP Taek-hyun Kim
|
Batting: LHB Matt Kennedy
|
0-0: Called Strike 0-1: Ball 1-1: Foul Ball, location: 2F 1-2: Ball 2-2: Fly out, F9 (Line Drive, 9D, EV 93.8 MPH)
|
Batting: RHB Travis Petrick
|
0-0: Swinging Strike 0-1: Ball 1-1: Foul Ball, location: 2F 1-2: Ball 2-2: Strikes out swinging
|
Batting: RHB Yutaka Sato
|
0-0: Called Strike 0-1: Ball 1-1: Foul Ball, location: 2F 1-2: Strikes out swinging
|
Bottom of the 5th over - 0 runs, 0 hits, 0 errors, 0 left on base; Wisconsin 4 - Dayton 1 |
TOP OF THE 6TH |
Wisconsin Timber Rattlers batting - Pitching for Dayton Dragons : RHP Gil Villanueva
|
Batting: LHB Greg Reedy
|
0-0: Ball 1-0: Ball 2-0: SINGLE (Groundball, 34D, EV 96.9 MPH)
|
Batting: SHB Robert Sayer
|
0-0: Called Strike 0-1: Ball 1-1: Called Strike 1-2: Fly out, F8 (Flyball, 78S, EV 84.4 MPH)
|
Pitching: RHP Jalen Patterson
|
|
Batting: RHB Chris Maul
|
0-0: Ball 1-0: Ball 2-0: Ball 3-0: Called Strike 3-1: SINGLE (Groundball, 5S, EV 72.5 MPH) (infield hit) Greg Reedy to second
|
Batting: SHB Aaron Neill
|
0-0: Called Strike 0-1: Ball 1-1: Fly out, F9 (Line Drive, 9D, EV 99.4 MPH)
|
Batting: SHB Justin Hensley
|
0-0: Called Strike 0-1: Ball 1-1: Swinging Strike 1-2: Foul Ball, location: 2F 1-2: Foul Ball, location: 2F 1-2: Ball 2-2: 3-RUN HOME RUN (Flyball, 78XD, EV 99.4 MPH), Distance : 400 ft
|
Batting: LHB Tyler Francis
|
0-0: Ground out 6-3 (Groundball, 4M, EV 83.1 MPH)
|
Top of the 6th over - 3 runs, 3 hits, 0 errors, 0 left on base; Wisconsin 7 - Dayton 1 |
BOTTOM OF THE 6TH |
Dayton Dragons batting - Pitching for Wisconsin Timber Rattlers : LHP Taek-hyun Kim
|
Batting: LHB Gabe Morales
|
0-0: Ground out 4-3 (Groundball, 4, EV 101.9 MPH)
|
Batting: RHB Juan Zamora
|
0-0: Foul Ball, location: 2F 0-1: SINGLE (Line Drive, 78S, EV 101.2 MPH)
|
Batting: LHB Leo Gomez
|
Pickoff Throw to First - Out! 1-3 0-0: Ball 1-0: Ground out 6-3 (Groundball, 6, EV 101.9 MPH)
|
Bottom of the 6th over - 0 runs, 1 hit, 0 errors, 0 left on base; Wisconsin 7 - Dayton 1 |
TOP OF THE 7TH |
Wisconsin Timber Rattlers batting - Pitching for Dayton Dragons : RHP Jalen Patterson
|
Batting: LHB Karel Hort
|
0-0: Ball 1-0: Foul Ball, location: 2F 1-1: SINGLE (Flyball, 7LS, EV 91.9 MPH)
|
Batting: LHB Jason Raker
|
0-0: SINGLE (Groundball, 25, EV 70.6 MPH) (infield hit) Karel Hort to second
|
Batting: RHB Jose Cerritos
|
0-0: Ball 1-0: Ball 2-0: Called Strike 2-1: Called Strike 2-2: Strikes out swinging
|
Pitching: RHP Ken Armstrong
|
|
Batting: LHB Greg Reedy
|
0-0: Called Strike 0-1: Called Strike 0-2: Foul Ball, location: 2F 0-2: Strikes out looking
|
Batting: SHB Robert Sayer
|
0-0: Ball 1-0: DOUBLE (Line Drive, 78D, EV 107.5 MPH) Karel Hort scores Jason Raker to third
|
Batting: RHB Chris Maul
|
0-0: Called Strike 0-1: Swinging Strike 0-2: Ball 1-2: Strikes out swinging
|
Top of the 7th over - 1 run, 3 hits, 0 errors, 2 left on base; Wisconsin 8 - Dayton 1 |
BOTTOM OF THE 7TH |
Dayton Dragons batting - Pitching for Wisconsin Timber Rattlers : LHP Taek-hyun Kim
|
Batting: RHB Mark Williams
|
0-0: Foul Ball, location: 2F 0-1: Called Strike 0-2: Ball 1-2: Fly out, F9 (Line Drive, 89M, EV 103.8 MPH)
|
Pinch Hitting: RHB Al Blanchard
|
0-0: Called Strike 0-1: Foul Ball, location: 2F 0-2: Strikes out swinging
|
Batting: RHB Ernie Maldonado
|
0-0: Swinging Strike 0-1: Foul Ball, location: 2F 0-2: Strikes out looking
|
Bottom of the 7th over - 0 runs, 0 hits, 0 errors, 0 left on base; Wisconsin 8 - Dayton 1 |
TOP OF THE 8TH |
Wisconsin Timber Rattlers batting - Pitching for Dayton Dragons : RHP Ken Armstrong
|
Now at 3B: Al Blanchard
|
|
Batting: SHB Aaron Neill
|
0-0: Ball 1-0: Called Strike 1-1: Ball 2-1: Called Strike 2-2: Foul Ball, location: 2F 2-2: Strikes out swinging
|
Pinch Hitting: RHB Jonathan Sarles
|
0-0: Ball 1-0: Swinging Strike 1-1: SOLO HOME RUN (Flyball, 9D, EV 97.5 MPH), Distance : 361 ft
|
Batting: LHB Tyler Francis
|
0-0: Ball 1-0: Foul Ball, location: 2F 1-1: Ball 2-1: Swinging Strike 2-2: Ball 3-2: Foul Ball, location: 2F 3-2: Strikes out swinging
|
Batting: LHB Karel Hort
|
0-0: Swinging Strike 0-1: Foul Ball, location: 2F 0-2: SINGLE (Groundball, 4MD, EV 110.0 MPH)
|
Batting: LHB Jason Raker
|
0-0: Called Strike 0-1: Foul Ball, location: 2F 0-2: Ball 1-2: Ground out 4-3 (Groundball, 4S, EV 76.9 MPH)
|
Top of the 8th over - 1 run, 2 hits, 0 errors, 1 left on base; Wisconsin 9 - Dayton 1 |
BOTTOM OF THE 8TH |
Dayton Dragons batting - Pitching for Wisconsin Timber Rattlers : LHP Taek-hyun Kim
|
Now at 3B: Jonathan Sarles
|
|
Batting: LHB Matt Kennedy
|
0-0: Ball 1-0: Swinging Strike 1-1: Ball 2-1: SINGLE (Groundball, 34D, EV 96.9 MPH)
|
Batting: RHB Travis Petrick
|
0-0: Fly out, F8 (Flyball, 8LD, EV 105.0 MPH)
|
Batting: RHB Yutaka Sato
|
0-0: Foul Ball, location: 2F 0-1: Foul Ball, location: 2F 0-2: Ball 1-2: Ball 2-2: Ball 3-2: Fly out, F9 (Flyball, 89M, EV 82.5 MPH)
|
Pinch Hitting: RHB Andy Bachman
|
0-0: Fly out, F9 (Flyball, 89M, EV 90.0 MPH)
|
Bottom of the 8th over - 0 runs, 1 hit, 0 errors, 1 left on base; Wisconsin 9 - Dayton 1 |
TOP OF THE 9TH |
Wisconsin Timber Rattlers batting - Pitching for Dayton Dragons : RHP Ken Armstrong
|
Pitching: LHP Alec Valencia
|
|
Now in LF: Chris Redhead
|
|
Now in CF: Leo Gomez
|
|
Batting: RHB Jose Cerritos
|
0-0: Called Strike 0-1: Ball 1-1: Ground out 3-1 (Groundball, 34, EV 86.9 MPH)
|
Batting: LHB Greg Reedy
|
0-0: SINGLE (Groundball, 4MD, EV 108.1 MPH)
|
Batting: SHB Robert Sayer
|
0-0: DOUBLE (Flyball, 8LD, EV 97.5 MPH) Greg Reedy to third Runner from 3rd tries for Home, SAFE, no throw by CF
|
Batting: RHB Chris Maul
|
0-0: Called Strike 0-1: Ball 1-1: Ground out 5-3 (Groundball, 5, EV 81.9 MPH)
|
Batting: SHB Aaron Neill
|
0-0: Ball 1-0: Called Strike 1-1: Foul Ball, location: 2F 1-2: Foul Ball, location: 2F 1-2: Ball 2-2: Strikes out swinging
|
Top of the 9th over - 1 run, 2 hits, 0 errors, 1 left on base; Wisconsin 10 - Dayton 1 |
BOTTOM OF THE 9TH |
Dayton Dragons batting - Pitching for Wisconsin Timber Rattlers : LHP Taek-hyun Kim
|
Pinch Hitting: LHB Jeremy Robertson
|
0-0: Ball 1-0: Swinging Strike 1-1: Ball 2-1: Foul Ball, location: 2F 2-2: Strikes out swinging
|
Batting: LHB Leo Gomez
|
0-0: Ball 1-0: Called Strike 1-1: Ground out 6-3 (Groundball, 56, EV 87.5 MPH)
|
Batting: RHB Mark Williams
|
0-0: Ball 1-0: Foul Ball, location: 2F 1-1: Swinging Strike 1-2: Fly out, F7 (Line Drive, 7LM, EV 93.1 MPH)
|
Bottom of the 9th over - 0 runs, 0 hits, 0 errors, 0 left on base; Wisconsin 10 - Dayton 1 |
|